 Dungeon Sprint DCSS version 0.17-a0-1731-g129c023 (webtiles) character file.

10 Kidiri the Shield-Bearer (level 2, -2/27 HPs)
             Began as a Minotaur Fighter on Aug 29, 2015.
             Was an Initiate of Okawaru.
             Slain by an iguana (8 damage)
             ... in the Dungeon (Sprint VII: "The Pits").
             The game lasted 00:02:57 (283 turns).

Kidiri the Shield-Bearer (Minotaur Fighter)          Turns: 283, Time: 00:02:57

Health: -2/27      AC:  7    Str: 20    XL:     2   Next: 10%
Magic:  1/1        EV:  7    Int:  5    God:    Okawaru [......]
Gold:   0          SH:  9    Dex:  9    Spells: 0 memorised, 1 level left

rFire  . . .     SeeInvis .     r - +2 mace
rCold  . . .     Clarity  .     b - +0 scale mail
rNeg   . . .     SustAt   .     c - +0 shield
rPois  .         Gourm    .     (helmet restricted)
rElec  .         Spirit   .     (no cloak)
rCorr  .         Warding  .     (no gloves)
rMut   .         NoTele   +     (no boots)
MR     .....                    (no amulet)
Stlth  ..........               (no ring)
                                (no ring)

@: not resistant to hostile enchantments, extremely unstealthy
A: retaliatory headbutt, horns 2
a: Renounce Religion


You were in the Dungeon.
You worshipped Okawaru.
Okawaru was noncommittal.
You were not hungry.

You visited 1 branch

Inventory:

Hand weapons
 a - a +0 flail
 r - a +2 mace (weapon)
Armour
 b - a +0 scale mail (worn)
 c - a +0 shield (worn)
Scrolls
 k - a scroll of blinking
 o - 3 scrolls of remove curse
 p - 5 scrolls of amnesia
 q - a scroll of summoning
Potions
 d - a potion of might
 f - a potion of curing
 g - a potion of heal wounds
 h - a potion of haste
 i - 4 potions of magic
 j - 3 potions of berserk rage
 n - 2 potions of invisibility
Comestibles
 e - 8 bread rations
 l - 40 fruits
 m - 7 meat rations
 s - a chunk of flesh


   Skills:
 + Level 4.1 Fighting
 * Level 3.7 Maces & Flails
 * Level 4.2 Armour
 + Level 1.0 Dodging
 * Level 4.3 Shields
 + Level 0.8 Invocations


You had one spell level left.
You didn't know any spells.

Dungeon Overview and Level Annotations

Branches:
Dungeon (1/1)

Altars:
Ashenzari
Cheibriados
Dithmenos
Elyvilon
Fedhas
Gozag
Kikubaaqudgha
Makhleb
Nemelex Xobeh
Okawaru
Qazlal
Ru
Sif Muna
Trog
Vehumet
Xom
Yredelemnul
Zin
The Shining One
Beogh
Jiyva
Lugonu


Innate Abilities, Weirdness & Mutations

You reflexively headbutt those who attack you in melee.
You have a pair of horns on your head.


Message History

You furiously retaliate!
You headbutt the iguana. The river rat barely misses you.
Unknown command.
You hit the brain worm. You headbutt the brain worm.
The brain worm is severely wounded.
The bat barely misses you. You block the bat's attack.
The brain worm bites you.
The iguana bites you but does no damage.
The river rat bites you but does no damage.
The brain worm bites you.
You hit the brain worm.
The brain worm is almost dead.
You block the bat's attack.
The iguana bites you but does no damage.
The river rat bites you.
* * * LOW HITPOINT WARNING * * *
The brain worm bites you.
* * * LOW HITPOINT WARNING * * *
The iguana bites you!
You die...

#_#)))+.+..##........
#_#.))#.#?(##......#.
#######+#####........
#..........)'........
#+#####'#####......#.
#..#...'.##........
#..#.[.#.#####+####
#.w#####.##.......#
#.@'b..#.##.......#
#rl'...'.##.......#
#..########...<...#
#..+ #.......# #..#
#.......# ####
#.......# #########


You could see a brain worm, an iguana, a river rat and a bat.

Vanquished Creatures
  A giant gecko (D)
  An orc (D)
  A hobgoblin (D)
  A ball python (D)
  4 jackals (D)
8 creatures vanquished.

Notes
Turn   | Place    | Note
--------------------------------------------------------------
     0 | D        | Kidiri the Minotaur Fighter began the quest for the Orb.
     0 | D        | Reached XP level 1. HP: 19/19 MP: 0/0
    87 | D        | Found a sacrificial altar of Ru.
    87 | D        | Found a basalt altar of Yredelemnul.
    87 | D        | Found a shadowy altar of Dithmenos.
    87 | D        | Found a deep blue altar of Sif Muna.
    87 | D        | Found a burning altar of Makhleb.
    87 | D        | Found a shimmering altar of Xom.
    87 | D        | Found an ancient bone altar of Kikubaaqudgha.
    87 | D        | Found a sparkling altar of Nemelex Xobeh.
    88 | D        | Found a glowing golden altar of the Shining One.
    88 | D        | Found a bloodstained altar of Trog.
    88 | D        | Found a shattered altar of Ashenzari.
    88 | D        | Found a white marble altar of Elyvilon.
    88 | D        | Found a snail-covered altar of Cheibriados.
    88 | D        | Found a blossoming altar of Fedhas.
    88 | D        | Found a radiant altar of Vehumet.
    88 | D        | Found a glowing silver altar of Zin.
    88 | D        | Found a corrupted altar of Lugonu.
    88 | D        | Found a viscous altar of Jiyva.
    88 | D        | Found a roughly hewn altar of Beogh.
    88 | D        | Found an iron altar of Okawaru.
    94 | D        | Found a stormy altar of Qazlal.
    95 | D        | Found an opulent altar of Gozag.
    97 | D        | Became a worshipper of Warmaster Okawaru
   113 | D        | Reached skill level 4 in Fighting
   182 | D        | Reached XP level 2. HP: 25/27 MP: 1/1
   186 | D        | Reached skill level 1 in Dodging
   278 | D        | Noticed a brain worm
   278 | D        | Noticed an iguana
   283 | D        | Slain by an iguana

Vault maps used:
D:        pitsprint

Action                   || total
-------------------------++-------
Melee: Mace              ||    28
       Flail             ||     1
